EL
NEW HAMPSHIRE FISHER CATS @ BINGHAMTON RUMBLE PONIES
04/14/2024
 
TOP OF THE 1ST
New Hampshire Fisher Cats batting - Pitching for Binghamton Rumble Ponies : RHP Rob Jenkins
Pitching: RHP Rob Jenkins
Batting: LHB Adrián Ramírez 0-0: Called Strike
0-1: Called Strike
0-2: Foul Ball, location: 3F
0-2: Ball
1-2: Strikes out swinging
Batting: LHB Ismael Báez 0-0: Called Strike
0-1: Ball
1-1: Foul Ball, location: 7LSFF
1-2: Ball
2-2: DOUBLE (Flyball, 8LXD, EV 93.8 MPH)
Batting: LHB Kenkichi Tanaka 0-0: Called Strike
0-1: Foul Ball, location: 9LSFF
0-2: Fly out, F7 (Flyball, 7, EV 91.3 MPH)
Batting: SHB Earl Jackson 0-0: Ground out 5-3 (Groundball, 56, EV 83.8 MPH)
Top of the 1st over - 0 runs, 1 hit, 0 errors, 1 left on base; New Hampshire 0 - Binghamton 0
BOTTOM OF THE 1ST
Binghamton Rumble Ponies batting - Pitching for New Hampshire Fisher Cats : RHP Corey Sullivan
Pitching: RHP Corey Sullivan
Batting: RHB Felipe Segura 0-0: Ground out 5-3 (Groundball, 56S, EV 66.9 MPH)
Batting: RHB Willard Hennessey 0-0: Fly out, F7 (Flyball, 7LS, EV 83.8 MPH)
Batting: LHB Jacob Teter 0-0: Ball
1-0: Ball
2-0: Foul Ball, location: 3DF
2-1: Ball
3-1: Swinging Strike
3-2: Ground out 6-3 (Groundball, 4MS, EV 88.8 MPH)
Bottom of the 1st over - 0 runs, 0 hits, 0 errors, 0 left on base; New Hampshire 0 - Binghamton 0
TOP OF THE 2ND
New Hampshire Fisher Cats batting - Pitching for Binghamton Rumble Ponies : RHP Rob Jenkins
Batting: RHB Connor Martin 0-0: Ball
1-0: Ball
2-0: Foul Ball, location: 2F
2-1: Ground out 6-3 (Groundball, 6, EV 106.9 MPH)
Batting: RHB Kent Miller 0-0: Ball
1-0: SINGLE (Groundball, 4MD, EV 98.1 MPH)
Batting: RHB Burton Moore 0-0: Fly out, F7 (Flyball, 7, EV 90.0 MPH)
Batting: RHB Dave Harrington 0-0: Swinging Strike
0-1: Ball
1-1: Ball
2-1: Fielders Choice at 2nd, 6-4 (Groundball, 6, EV 83.8 MPH)
Top of the 2nd over - 0 runs, 1 hit, 0 errors, 1 left on base; New Hampshire 0 - Binghamton 0
BOTTOM OF THE 2ND
Binghamton Rumble Ponies batting - Pitching for New Hampshire Fisher Cats : RHP Corey Sullivan
Batting: RHB Orelvis Martinez 0-0: Called Strike
0-1: Called Strike
0-2: Strikes out swinging
Batting: RHB Jason Thompson 0-0: Fly out, F9 (Flyball, 9LSF, EV 86.9 MPH)
Batting: RHB Matt Waller 0-0: Called Strike
0-1: Ball
1-1: Called Strike
1-2: Ball
2-2: Ball
3-2: Strikes out looking
Bottom of the 2nd over - 0 runs, 0 hits, 0 errors, 0 left on base; New Hampshire 0 - Binghamton 0
TOP OF THE 3RD
New Hampshire Fisher Cats batting - Pitching for Binghamton Rumble Ponies : RHP Rob Jenkins
Batting: RHB Lester Elliott 0-0: Ball
1-0: Called Strike
1-1: Ball
2-1: Ball
3-1: Base on Balls
Batting: LHB Adrián Ramírez 0-0: Bunted foul
0-1: Sac Bunt to 13S - play at first, batter OUT! 1-3
Lester Elliott to second
Batting: LHB Ismael Báez 0-0: Foul Ball, location: 3FF
0-1: Foul Ball, location: 3F
0-2: Fly out, F8 (Flyball, 8LD, EV 107.5 MPH)
Batting: LHB Kenkichi Tanaka 0-0: Ball
1-0: Ball
2-0: SINGLE (Groundball, 4D, EV 95.6 MPH)
Lester Elliott to third
Runner from 3rd tries for Home, SAFE, throw by CF to home
Now in CF: Jason Thompson
Now in RF: Thomas Jones
Batting: SHB Earl Jackson 0-0: Foul Ball, location: 7LMF
0-1: Foul Ball, location: 2F
0-2: Ball
1-2: Strikes out swinging
Top of the 3rd over - 1 run, 1 hit, 0 errors, 1 left on base; New Hampshire 1 - Binghamton 0
BOTTOM OF THE 3RD
Binghamton Rumble Ponies batting - Pitching for New Hampshire Fisher Cats : RHP Corey Sullivan
Batting: LHB Orlando Sandoval 0-0: Ball
1-0: Called Strike
1-1: Ball
2-1: Fly out, F9 (Line Drive, 89M, EV 91.3 MPH)
Batting: RHB Thomas Jones 0-0: Called Strike
0-1: Called Strike
0-2: Strikes out swinging
Batting: RHB Rafael Anaya 0-0: Ground out 1-3 (Groundball, 15, EV 61.3 MPH)
Bottom of the 3rd over - 0 runs, 0 hits, 0 errors, 0 left on base; New Hampshire 1 - Binghamton 0
TOP OF THE 4TH
New Hampshire Fisher Cats batting - Pitching for Binghamton Rumble Ponies : RHP Rob Jenkins
Batting: RHB Connor Martin 0-0: Called Strike
0-1: Foul Ball, location: 7LMF
0-2: Strikes out swinging
Batting: RHB Kent Miller 0-0: Ball
1-0: Foul Ball, location: 9LSF
1-1: Foul Ball, location: 2F
1-2: Ground out 2-3 (Groundball, 13S, EV 64.4 MPH)
Batting: RHB Burton Moore 0-0: Ball
1-0: Ball
2-0: Ball
3-0: Called Strike
3-1: Base on Balls
Batting: RHB Dave Harrington 0-0: Called Strike
0-1: Ball
1-1: Foul Ball, location: 9LSF
1-2: Foul Ball, location: 9LMF
1-2: Foul Ball, location: 3F
1-2: Fly out, F8 (Flyball, 8RM, EV 86.3 MPH)
Top of the 4th over - 0 runs, 0 hits, 0 errors, 1 left on base; New Hampshire 1 - Binghamton 0
BOTTOM OF THE 4TH
Binghamton Rumble Ponies batting - Pitching for New Hampshire Fisher Cats : RHP Corey Sullivan
Batting: RHB Felipe Segura 0-0: Called Strike
0-1: Ball
1-1: Fly out, F7 (Flyball, 7D, EV 110.0 MPH)
Batting: RHB Willard Hennessey 0-0: Swinging Strike
0-1: Swinging Strike
0-2: Strikes out swinging
Batting: LHB Jacob Teter 0-0: Called Strike
0-1: Ball
1-1: Ball
2-1: DOUBLE (Groundball, 3L, EV 106.9 MPH)
Batting: RHB Orelvis Martinez 0-0: Ball
1-0: Called Strike
1-1: Foul Ball, location: 2F
1-2: Strikes out looking
Bottom of the 4th over - 0 runs, 1 hit, 0 errors, 1 left on base; New Hampshire 1 - Binghamton 0
TOP OF THE 5TH
New Hampshire Fisher Cats batting - Pitching for Binghamton Rumble Ponies : RHP Rob Jenkins
Batting: RHB Lester Elliott 0-0: Ball
1-0: Called Strike
1-1: Swinging Strike
1-2: Strikes out swinging
Batting: LHB Adrián Ramírez 0-0: Called Strike
0-1: Ball
1-1: Called Strike
1-2: Strikes out swinging
Batting: LHB Ismael Báez 0-0: Called Strike
0-1: Ball
1-1: Foul Ball, location: 2RF
1-2: Ground out 4-3 (Groundball, 4, EV 91.3 MPH)
Top of the 5th over - 0 runs, 0 hits, 0 errors, 0 left on base; New Hampshire 1 - Binghamton 0
BOTTOM OF THE 5TH
Binghamton Rumble Ponies batting - Pitching for New Hampshire Fisher Cats : RHP Corey Sullivan
Batting: RHB Jason Thompson 0-0: Foul Ball, location: 3F
0-1: Ground out 6-3 (Groundball, 6D, EV 86.3 MPH)
Batting: RHB Matt Waller 0-0: Foul Ball, location: 2F
0-1: Ball
1-1: Ball
2-1: Called Strike
2-2: Ground out U3 (Groundball, 3, EV 93.8 MPH)
Batting: LHB Orlando Sandoval 0-0: Foul Ball, location: 5SF
0-1: Ball
1-1: Ball
2-1: Called Strike
2-2: Foul Ball, location: 2F
2-2: Ball
3-2: Strikes out swinging
Bottom of the 5th over - 0 runs, 0 hits, 0 errors, 0 left on base; New Hampshire 1 - Binghamton 0
TOP OF THE 6TH
New Hampshire Fisher Cats batting - Pitching for Binghamton Rumble Ponies : RHP Rob Jenkins
Batting: LHB Kenkichi Tanaka 0-0: Ball
1-0: Called Strike
1-1: Swinging Strike
1-2: Ground out 4-3 (Groundball, 4, EV 82.5 MPH)
Pitching: RHP Gunnar Battle
Batting: SHB Earl Jackson 0-0: SINGLE (Groundball, 4MD, EV 101.3 MPH)
Batting: RHB Connor Martin 0-0: Ball
1-0: Called Strike
1-1: Foul Ball, location: 2F
1-2: SINGLE (Groundball, 6D, EV 100.6 MPH)
Earl Jackson to second
Batting: RHB Kent Miller 0-0: Called Strike
0-1: Called Strike
0-2: Reached on error, E5 (Groundball, 56, EV 86.9 MPH)
Earl Jackson to third
Connor Martin to second
Batting: RHB Burton Moore 0-0: Called Strike
0-1: Swinging Strike
0-2: Ball
1-2: Strikes out swinging
Batting: RHB Dave Harrington 0-0: Fly out, F9 (Flyball, 9, EV 80.6 MPH)
Top of the 6th over - 0 runs, 2 hits, 1 error, 3 left on base; New Hampshire 1 - Binghamton 0
BOTTOM OF THE 6TH
Binghamton Rumble Ponies batting - Pitching for New Hampshire Fisher Cats : RHP Corey Sullivan
Batting: RHB Thomas Jones 0-0: Ball
1-0: Called Strike
1-1: SINGLE (Groundball, 4D, EV 101.9 MPH)
Batting: RHB Rafael Anaya 0-0: Ball
1-0: Bunted foul
1-1: Bunted foul
1-2: Fly out, F8 (Flyball, 8LM, EV 77.5 MPH)
Batting: RHB Felipe Segura 0-0: Ball
1-0: Ball
2-0: Foul Ball, location: 7LDF
2-1: Ball
3-1: Foul Ball, location: 2F
3-2: SINGLE (Flyball, 56D, EV 78.1 MPH)
Thomas Jones to second
Thomas Jones to third
Batting: RHB Willard Hennessey 0-0: Called Strike
0-1: Fielders Choice attempt at home, Runner SAFE. 6-2 (Groundball, 6, EV 88.1 MPH)
Felipe Segura to second
Batting: LHB Jacob Teter 0-0: Swinging Strike
0-1: Ball
1-1: Called Strike
1-2: Strikes out swinging
Batting: RHB Orelvis Martinez 0-0: Called Strike
0-1: Foul Ball, location: 9LSF
0-2: Ball
1-2: Ball
2-2: Foul Ball, location: 2F
2-2: Foul Ball, location: 9LDF
2-2: Fly out, F8 (Line Drive, 8RD, EV 105.0 MPH)
Bottom of the 6th over - 1 run, 2 hits, 0 errors, 2 left on base; New Hampshire 1 - Binghamton 1
TOP OF THE 7TH
New Hampshire Fisher Cats batting - Pitching for Binghamton Rumble Ponies : RHP Gunnar Battle
Batting: RHB Lester Elliott 0-0: Ball
1-0: Called Strike
1-1: Ball
2-1: Called Strike
2-2: Strikes out swinging
Pitching: LHP Jared Shuster
Batting: LHB Adrián Ramírez 0-0: Ball
1-0: SINGLE (Flyball, 34D, EV 92.5 MPH)
Batting: LHB Ismael Báez 0-0: Swinging Strike
0-1: Ball
1-1: Foul Ball, location: 2F
1-2: Strikes out looking
Batting: LHB Kenkichi Tanaka 0-0: Ball
1-0: Swinging Strike
1-1: Ball
2-1: Swinging Strike
2-2: Ball
3-2: Foul Ball, location: 5FF
3-2: Base on Balls
Adrián Ramírez to second
Batting: SHB Earl Jackson 0-0: Called Strike
0-1: Called Strike
0-2: Strikes out swinging
Top of the 7th over - 0 runs, 1 hit, 0 errors, 2 left on base; New Hampshire 1 - Binghamton 1
BOTTOM OF THE 7TH
Binghamton Rumble Ponies batting - Pitching for New Hampshire Fisher Cats : RHP Corey Sullivan
Batting: RHB Jason Thompson 0-0: Foul Ball, location: 2F
0-1: Called Strike
0-2: Ball
1-2: Foul Ball, location: 7LMF
1-2: Ball
2-2: Ground out 6-3 (Groundball, 56, EV 105.6 MPH)
Batting: RHB Matt Waller 0-0: Ball
1-0: Ball
2-0: Foul Ball, location: 23FF
2-1: Ball
3-1: Base on Balls
Batting: LHB Orlando Sandoval 0-0: Ball
1-0: Ball
2-0: Swinging Strike
2-1: Swinging Strike
2-2: Ball
3-2: Foul Ball, location: 2F
3-2: Foul Ball, location: 2F
3-2: Fly out, F9 (Flyball, 89M, EV 75.6 MPH)
Pitching: RHP Guillermo Polanco
Batting: RHB Thomas Jones 0-0: Ball
1-0: Called Strike
1-1: Ball
2-1: Fly out, F7 (Flyball, 7S, EV 67.5 MPH)
Bottom of the 7th over - 0 runs, 0 hits, 0 errors, 1 left on base; New Hampshire 1 - Binghamton 1
TOP OF THE 8TH
New Hampshire Fisher Cats batting - Pitching for Binghamton Rumble Ponies : LHP Jared Shuster
Batting: RHB Connor Martin 0-0: Ball
1-0: Ball
2-0: SINGLE (Groundball, P, EV 86.3 MPH) (infield hit)
Batting: RHB Kent Miller 0-0: Ball
1-0: Called Strike
1-1: Foul Ball, location: 9LSF
1-2: Fielders Choice at 2nd, 5-4 (Groundball, 56, EV 89.4 MPH)
Batting: RHB Burton Moore 0-0: Called Strike
0-1: Foul Ball, location: 2F
0-2: Ball
1-2: Fly out, F9 (Flyball, 9, EV 86.9 MPH)
Batting: RHB Dave Harrington 0-0: Foul Ball, location: 9LMF
0-1: Called Strike
0-2: Ball
1-2: Ball
2-2: Strikes out swinging
Top of the 8th over - 0 runs, 1 hit, 0 errors, 1 left on base; New Hampshire 1 - Binghamton 1
BOTTOM OF THE 8TH
Binghamton Rumble Ponies batting - Pitching for New Hampshire Fisher Cats : RHP Guillermo Polanco
Pinch Hitting: RHB Hunter Goodman 0-0: Foul Ball, location: 2LF
0-1: Ball
1-1: Ball
2-1: Called Strike
2-2: Ground out 5-3 (Groundball, 5S, EV 68.1 MPH)
Batting: RHB Felipe Segura 0-0: Called Strike
0-1: Foul Ball, location: 5FF
0-2: Foul Ball, location: 2LF
0-2: Strikes out swinging
Batting: RHB Willard Hennessey 0-0: Swinging Strike
0-1: Foul Ball, location: 2F
0-2: Foul Ball, location: 25FF
0-2: Foul Ball, location: 9LSF
0-2: Ball
1-2: Foul Ball, location: 9LDF
1-2: Strikes out looking
Bottom of the 8th over - 0 runs, 0 hits, 0 errors, 0 left on base; New Hampshire 1 - Binghamton 1
TOP OF THE 9TH
New Hampshire Fisher Cats batting - Pitching for Binghamton Rumble Ponies : LHP Jared Shuster
Pitching: RHP Nolan McLean
Now at C: Hunter Goodman
Batting: RHB Lester Elliott 0-0: Called Strike
0-1: Called Strike
0-2: Ball
1-2: Ball
2-2: Fly out, F8 (Line Drive, 8LM, EV 91.3 MPH)
Batting: LHB Adrián Ramírez 0-0: Foul Ball, location: 2F
0-1: Ball
1-1: Called Strike
1-2: Ball
2-2: Strikes out swinging
Batting: LHB Ismael Báez 0-0: Ball
1-0: Ball
2-0: Ground out 4-3 (Groundball, 4, EV 109.4 MPH)
Top of the 9th over - 0 runs, 0 hits, 0 errors, 0 left on base; New Hampshire 1 - Binghamton 1
BOTTOM OF THE 9TH
Binghamton Rumble Ponies batting - Pitching for New Hampshire Fisher Cats : RHP Guillermo Polanco
Batting: LHB Jacob Teter 0-0: Fly out, F9 (Line Drive, 9, EV 96.9 MPH)
Batting: RHB Orelvis Martinez 0-0: Called Strike
0-1: Ball
1-1: Called Strike
1-2: Ball
2-2: Foul Ball, location: 2F
2-2: Ball
3-2: Foul Ball, location: 9LSF
3-2: Ground out 6-3 (Groundball, 6, EV 104.4 MPH)
Batting: RHB Jason Thompson 0-0: Ball
1-0: Foul Ball, location: 2F
1-1: Ground out 5-3 (Groundball, 56, EV 103.1 MPH)
Bottom of the 9th over - 0 runs, 0 hits, 0 errors, 0 left on base; New Hampshire 1 - Binghamton 1
TOP OF THE 10TH
New Hampshire Fisher Cats batting - Pitching for Binghamton Rumble Ponies : RHP Nolan McLean
Batting: LHB Kenkichi Tanaka 0-0: Fly out, F7 (Flyball, 7LM, EV 92.5 MPH)
Batting: SHB Earl Jackson 0-0: Ground out 4-3 (Groundball, 34D, EV 100.0 MPH)
Batting: RHB Connor Martin 0-0: Ball
1-0: Foul Ball, location: 9LMF
1-1: SINGLE (Line Drive, 9LS, EV 105.6 MPH)
Pinch Hitting: LHB Víctor Martínez 0-0: Foul Ball, location: 2F
0-1: Called Strike
0-2: Fly out, F8 (Flyball, 8LD, EV 106.9 MPH)
Top of the 10th over - 0 runs, 1 hit, 0 errors, 1 left on base; New Hampshire 1 - Binghamton 1
BOTTOM OF THE 10TH
Binghamton Rumble Ponies batting - Pitching for New Hampshire Fisher Cats : RHP Guillermo Polanco
Pitching: RHP Roger Cameron
Now in CF: Víctor Martínez
Batting: RHB Matt Waller 0-0: Called Strike
0-1: Ball
1-1: Ball
2-1: Ball
3-1: Base on Balls
Batting: LHB Orlando Sandoval 0-0: Ball
1-0: Sac Bunt to 23 - play at first, batter safe!
Matt Waller to second
Batting: RHB Thomas Jones 0-0: Called Strike
0-1: Fly out, F8 (Flyball, 8LM, EV 81.3 MPH)
Batting: RHB Hunter Goodman 0-0: Ball
1-0: Foul Ball, location: 2F
1-1: Foul Ball, location: 2F
1-2: Fly out, F8 (Flyball, 78S, EV 95.6 MPH)
Batting: RHB Felipe Segura 0-0: Ball
1-0: Called Strike
1-1: Ball
2-1: Ball
3-1: Fielders Choice at 2nd, 5-4 (Groundball, 56, EV 101.3 MPH)
Bottom of the 10th over - 0 runs, 1 hit, 0 errors, 2 left on base; New Hampshire 1 - Binghamton 1
TOP OF THE 11TH
New Hampshire Fisher Cats batting - Pitching for Binghamton Rumble Ponies : RHP Nolan McLean
Batting: RHB Burton Moore 0-0: Ground out 5-3 (Groundball, 56, EV 82.5 MPH)
Batting: RHB Dave Harrington 0-0: Called Strike
0-1: Called Strike
0-2: Ball
1-2: Strikes out looking
Batting: RHB Lester Elliott 0-0: Ball
1-0: Swinging Strike
1-1: Foul Ball, location: 7LMF
1-2: Fly out, F2 (Popup, 23F, EV 88.1 MPH)
Top of the 11th over - 0 runs, 0 hits, 0 errors, 0 left on base; New Hampshire 1 - Binghamton 1
BOTTOM OF THE 11TH
Binghamton Rumble Ponies batting - Pitching for New Hampshire Fisher Cats : RHP Roger Cameron
Batting: RHB Willard Hennessey 0-0: Ball
1-0: Called Strike
1-1: Foul Ball, location: 3F
1-2: Ball
2-2: Strikes out swinging
Batting: LHB Jacob Teter 0-0: Called Strike
0-1: Ball
1-1: Foul Ball, location: 5SF
1-2: Ball
2-2: Ball
3-2: Base on Balls
Batting: RHB Orelvis Martinez 0-0: Called Strike
0-1: Ball
1-1: Foul Ball, location: 9LDF
1-2: 2-RUN HOME RUN (Flyball, 9D, EV 93.1 MPH), Distance : 358 ft
Bottom of the 11th over - 2 runs, 1 hit, 0 errors, 0 left on base; New Hampshire 1 - Binghamton 3
Tuesday, April 23rd , 2024 - OOTP Baseball 24.11 Build 85